 Dungeon Crawl Stone Soup version 0.17-a0-1849-g8a24fa2 (webtiles) character file.

296 Ololoev the Ducker (level 6, -19/32 HPs)
             Began as a Spriggan Abyssal Knight on Sept 18, 2015.
             Was a Follower of Lugonu.
             Demolished by an angel
             ... wielding a +1 whip of holy wrath
              (22 damage)
             ... on level 2 of the Abyss.
             The game lasted 00:02:08 (366 turns).

Ololoev the Ducker (Spriggan Abyssal Knight)         Turns: 366, Time: 00:02:09

Health: -19/32     AC:  2    Str:  8    XL:     6   Next: 12%
Magic:  6/9        EV: 21    Int: 14    God:    Lugonu [*.....]
Gold:   8          SH:  0    Dex: 17    Spells: 0 memorised, 5 levels left

rFire  + . .     SeeInvis +     a - +1 spear
rCold  . . .     Clarity  .     b - +0 robe
rNeg   . . .     SustAt   .     (shield restricted)
rPois  .         Gourm    .     (helmet restricted)
rElec  .         Spirit   .     (no cloak)
rCorr  .         Warding  .     (gloves unavailable)
rMut   .         Stasis   .     (boots unavailable)
MR     +....                    (no amulet)
Stlth  +.........               (no ring)
                                d - ring of protection from fire

@: glowing, very quick, somewhat resistant to hostile enchantments, very
unstealthy
A: unfitting armour, see invisible, herbivore 3, speed 3, slow metabolism 2
a: Depart the Abyss, Renounce Religion


Innate Abilities, Weirdness & Mutations

You are tiny and cannot use many weapons and most armour.
You have supernaturally acute eyesight.
You are a herbivore.
You cover ground extremely quickly.
You need consume almost no food.

Inventory:

Hand weapons
 a - a +1 spear (weapon)
Armour
 b - a +0 robe (worn)
Jewellery
 d - a ring of protection from fire (left hand)
Comestibles
 c - a bread ration


   Skills:
 - Level 2.4 Fighting
 * Level 3.5 Polearms
 + Level 5.7 Dodging
 - Level 1.7 Invocations
   Level 3.6 Evocations


You had 5 spell levels left.
You didn't know any spells.


You were on level 2 of the Abyss.
You worshipped Lugonu.
Lugonu was aware of your devotion.
You were not hungry.

You visited 0 branches of the dungeon, and saw 0 of its levels.
You visited the Abyss 1 time.

You collected 8 gold pieces.

. .# #.## #.#
. #. #... #
... #.. .# .
...## ...# ###
.. #..
#.###3..#@#
#.# .#..#.
.#uA## . .....
##clv#. #. ##
v.###..## ##.
###v. ... .# #
. .# .#.#.#..#
..v..#.#...###
# ## .#.#...#
#. .# ..3#

Notes
Turn   | Place    | Note
--------------------------------------------------------------
     0 | Abyss:1  | Ololoev the Spriggan Abyssal Knight began the quest for the Orb.
     0 | Abyss:1  | Reached XP level 1. HP: 11/11 MP: 3/3
   139 | Abyss:1  | Noticed a deep elf demonologist
   147 | Abyss:1  | Noticed a large abomination
   262 | Abyss:2  | Noticed a yellow draconian
   318 | Abyss:2  | Noticed a chaos spawn
   343 | Abyss:2  | Noticed a smoke demon
   346 | Abyss:2  | Noticed a chaos spawn
   356 | Abyss:2  | Killed a chaos spawn
   356 | Abyss:2  | Reached skill level 4 in Dodging
   356 | Abyss:2  | Reached XP level 2. HP: 5/16 MP: 4/4
   356 | Abyss:2  | Reached XP level 3. HP: 5/19 MP: 5/5
   356 | Abyss:2  | Reached XP level 4. HP: 6/23 MP: 6/6
   360 | Abyss:2  | Killed a smoke demon
   360 | Abyss:2  | Reached skill level 5 in Dodging
   360 | Abyss:2  | Reached XP level 5. HP: 7/27 MP: 6/8
   363 | Abyss:2  | Killed a chaos spawn
   363 | Abyss:2  | Reached XP level 6. HP: 24/32 MP: 6/9
   364 | Abyss:2  | Noticed an angel
   366 | Abyss:2  | Demolished by an angel

Dungeon Overview and Level Annotations

Branches:
Dungeon (0/15)

Altars:


Message History

Unknown command.
Drink which item? (? for menu, Esc to quit)
You feel better.
Your basilisk bites the chaos spawn!!
The chaos spawn dies!
The chaos spawn degenerates into a cloud of primal chaos!
You have reached level 6!
Your experience leads to an increase in your attributes!
Increase (S)trength, (I)ntelligence, or (D)exterity?
You feel agile.
Your insubstantial wisp hits the angel but does no damage.
Your purple ugly thing closely misses the angel.
An angel comes into view. It is wielding a whip of holy wrath.
Unknown command.
Evoke which item? (* to show all) (? for menu, Esc to quit)
You draw a card...
It is the Dance.
The deck of cards disappears without a trace.
The angel hits your enchanted hand axe with a whip of holy wrath.
Your enchanted hand axe is destroyed!
Your basilisk completely misses the angel.
Your insubstantial wisp completely misses the angel.
Your purple ugly thing barely misses the angel.
You stop training Evocations.
Unknown command.
Unknown command.
Evoke which item? (* to show all) (? for menu, Esc to quit)
Okay, then.
You aren't carrying any spellbooks or scrolls.
You aren't carrying any potions.
Unknown command.
You miss the angel.
The angel hits you with a whip of holy wrath!!
Ouch! That really hurt!
The angel hits you but does no damage.
Your basilisk misses the angel.
Your purple ugly thing engulfs the angel.
Unknown command.
You hit the angel but do no damage.
The angel is lightly wounded.
The angel hits you with a whip of holy wrath!!
Ouch! That really hurt!
You die...

You could see an angel, a friendly purple ugly thing, a friendly basilisk, a friendly centaur and a friendly insubstantial wisp.

Vanquished Creatures (collateral kills)
  A smoke demon (Abyss:2)
  2 chaos spawn (Abyss:2)
3 creatures vanquished.

Action                   |  1- 3 |  4- 6 || total
-------------------------+-------+-------++-------
Melee: Spear             |       |     2 ||     2
Evoke: Deck              |     4 |     3 ||     7
  Use: Potion            |       |     2 ||     2

Vault maps used:
